 Dungeon Crawl Stone Soup version 0.25.1-2-g60ff931df9 (webtiles) character file.

Game seed: 13130110478129905741

1205 hawla the Chopper (level 8, -13/105 HPs)
             Began as a Minotaur Berserker on Oct 8, 2020.
             Was a Priest of Trog.
             Mangled by a two-headed ogre
             ... wielding a +0 giant club
              (20 damage)
             ... on level 6 of the Dungeon on Oct 10, 2020.
             The game lasted 00:09:30 (4779 turns).

hawla the Chopper (Minotaur Berserker)              Turns: 4779, Time: 00:09:31

Health: -13/105    AC: 24    Str: 24    XL:     8   Next: 21%
Magic:  7/7        EV:  2    Int:  4    God:    Trog [***...]
Gold:   83         SH:  0    Dex: 10    Spells: 7/7 levels left

rFire    . . .     SeeInvis +   b - +0 whip (venom)
rCold    . . .     Gourm    .   (no shield)
rNeg     + + +     Faith    .   (armour currently unavailable)
rPois    +         Spirit   .   (helmet currently unavailable)
rElec    .         Reflect  .   (cloak currently unavailable)
rCorr    .         Harm     .   (gloves currently unavailable)
MR       ++...     NoTele   +   (boots currently unavailable)
Stlth    +.........             (no amulet)
HPRegen  1.27/turn              p - ring of see invisible
MPRegen  0.10/turn              (no ring)

@: tree-form, stab, regenerating
A: (retaliatory headbutt)
a: Berserk, Trog's Hand, Renounce Religion


You were on level 6 of the Dungeon.
You worshipped Trog.
Trog was most pleased with you.
You were hungry.
You were a tree.
You visited 1 branch of the dungeon, and saw 6 of its levels.

You collected 204 gold pieces.
You spent 121 gold pieces at shops.

Inventory:

Hand Weapons
 b - a +0 whip of venom (weapon)
 f - a +0 war axe
Missiles
 d - 2 atropa-tipped darts
 i - 14 poisoned darts (quivered)
 l - 7 javelins
 s - 4 boomerangs
Armour
 j - a +0 pair of gloves (melded)
 m - a +0 chain mail (melded)
Jewellery
 g - an uncursed ring of fire
 p - a ring of see invisible (left branch)
Wands
 k - a wand of iceblast (11)
 o - a wand of random effects (22)
Potions
 e - a potion of mutation
 h - 2 potions of berserk rage
 n - a potion of flight
Comestibles
 a - 3 chunks of flesh
 c - 7 rations


   Skills:
 + Level 6.0 Fighting
 + Level 6.8(7.3) Axes
 + Level 3.6(5.7) Maces & Flails
 + Level 1.4 Throwing
 + Level 5.5 Armour
 * Level 5.8 Dodging


You had 7 spell levels left.
You didn't know any spells.
Your spell library was empty.

Dungeon Overview and Level Annotations

Branches:
Dungeon (6/15)
 Temple: D:4-7

Altars:
Elyvilon
Fedhas
Ru
Zin

Shops:
D:5 *


Innate Abilities, Weirdness & Mutations

((You reflexively headbutt those who attack you in melee.))
((You have a pair of horns on your head.))


Message History

You turn into a tree.
Your +0 pair of gloves melds into your body.
Your +0 chain mail melds into your body.
Your roots penetrate the ground.
The two-headed ogre hits you with a +0 giant club.
* * * LOW HITPOINT WARNING * * *
The two-headed ogre hits you with a +0 giant club.
* * * LOW HITPOINT WARNING * * *
It was a potion of flight.
Your roots keep you in place.
It was a potion of stabbing.
You feel ready to backstab.
The two-headed ogre hits you with a +0 giant club.
* * * LOW HITPOINT WARNING * * *
The two-headed ogre hits you with a +0 giant club.
* * * LOW HITPOINT WARNING * * *
Your skin crawls.
You feel resistant to hostile enchantments.
You are feeling hungry.
The two-headed ogre hits you with a +0 giant club!!
You die...

#.# #.# #.# #.#
########.#
#).))...># ###
##.#####..##...
#......#.O.#.#
#..###^..♣...#
#..# #.......#
##..# ###..####
##...#####..#
#...........#
#.....#####+#
#.....# ##..<##
#.#.##


You could see a two-headed ogre.

Vanquished Creatures
  Sigmund (D:5)
  2 ice beasts
  2 phantoms (D:5)
  An ogre (D:3)
  A howler monkey (D:5)
  A crimson imp (D:5)
  A hound (D:5)
  2 jellies (D:5)
  2 orc priests
  An orc wizard (D:4)
  Jessica (D:2)
  6 worker ants
  An iguana (D:5)
  6 adders
  An ooze (D:4)
  2 adder skeletons
  3 worms
  3 leopard geckos
  19 orcs
  A bat (D:2)
  4 giant cockroaches
  8 hobgoblins
  6 jackals (D:3)
  A kobold (D:2)
  4 ball pythons
  3 frilled lizards
  3 goblins
  A jackal skeleton (D:4)
  A jackal zombie (D:5)
  3 rats (D:1)
91 creatures vanquished.

Vanquished Creatures (others)
  7 toadstools (D:1)
7 creatures vanquished.

Grand Total: 98 creatures vanquished

Notes
Turn   | Place    | Note
-------+----------+-------------------------------------------
     0 | D:1      | hawla the Minotaur Berserker began the quest for the Orb.
     0 | D:1      | Reached XP level 1. HP: 19/19 MP: 0/0
   426 | D:1      | Reached XP level 2. HP: 22/27 MP: 1/1
  1054 | D:2      | Reached XP level 3. HP: 26/33 MP: 2/2
  1059 | D:2      | Reached ** piety under Trog
  1240 | D:2      | Noticed Jessica
  1249 | D:2      | Killed Jessica
  1249 | D:2      | Reached XP level 4. HP: 40/41 MP: 3/3
  1509 | D:3      | Reached skill level 5 in Axes
  1703 | D:3      | Reached XP level 5. HP: 47/47 MP: 4/4
  1866 | D:3      | Noticed an ogre
  1876 | D:3      | Killed an ogre
  1876 | D:3      | Reached skill level 5 in Fighting
  2337 | D:4      | Found a blossoming altar of Fedhas.
  2353 | D:4      | Reached skill level 1 in Throwing
  2353 | D:4      | Reached XP level 6. HP: 26/56 MP: 5/5
  2783 | D:4      | Reached *** piety under Trog
  3539 | D:5      | Entered Level 5 of the Dungeon
  3702 | D:5      | Reached skill level 1 in Maces & Flails
  3730 | D:5      | Reached XP level 7. HP: 53/61 MP: 6/6
  3801 | D:5      | Found Paog Erch's General Store.
  3806 | D:5      | Reached skill level 5 in Dodging
  3827 | D:5      | Bought a +0 pair of gloves for 63 gold pieces
  3834 | D:5      | Noticed Sigmund
  3841 | D:5      | Killed Sigmund
  3913 | D:5      | Reached skill level 5 in Armour
  4178 | D:5      | Found a sacrificial altar of Ru.
  4219 | D:5      | Reached XP level 8. HP: 22/70 MP: 7/7
  4511 | D:5      | Found a white marble altar of Elyvilon.
  4553 | D:5      | Found a glowing silver altar of Zin.
  4617 | D:5      | Bought 2 atropa-tipped darts for 16 gold pieces
  4617 | D:5      | Bought a potion of lignification for 42 gold pieces
  4756 | D:6      | Noticed a two-headed ogre
  4778 | D:6      | HP: 5/105 [two-headed ogre/+0 giant club (1)]
  4779 | D:6      | Mangled by a two-headed ogre

Illustrated notes

Levels and vault maps discovered:
D:1:      nagdon_arrival_double_spiral, layout_basic, kennysheep_nondescript
D:2:      layout_basic, minmay_pentomino_u4, uniq_jessica
D:3:      layout_rooms, amethyst_killhole, serial_bayou_lake_a
D:4:      layout_basic, first_ration, fedhas_altar_3
D:5:      layout_rooms, minitemple, nicolae_ru_awakened_eye, serial_shops, shop,
          kennysheep_generic_room_7, uniq_sigmund
D:6:      layout_loops_corners, serial_shops, kennysheep_mini_moat, kb_rosetta

Skill      XL: |  1  2  3  4  5  6  7  8 |
---------------+-------------------------+-----
Fighting       | 4 5 6 |  6.0
Axes           | 4 5 6 |  6.8
Dodging        | 3 4 5 |  5.8
Throwing       | 1 |  1.4
Armour         | 3 4 5 |  5.5
Maces & Flails | 1 3 |  3.6

Action                   |  1- 3 |  4- 6 |  7- 9 || total
-------------------------+-------+-------+-------++-------
Melee: Hand axe          |    41 |    85 |    31 ||   157
       Headbutt          |     6 |    25 |    16 ||    47
       Whip              |       |    64 |    49 ||   113
       War axe           |       |       |     7 ||     7
Throw: Dart              |     6 |     5 |     2 ||    13
       Javelin           |       |       |     2 ||     2
Invok: Trog's Hand       |       |       |     1 ||     1
  Use: Scroll            |     4 |     6 |       ||    10
       Potion            |       |       |     3 ||     3
 Stab: Sleeping          |     1 |       |       ||     1
  Eat: Chunk             |     1 |     7 |     4 ||    12
Armor: Animal skin       |     4 |       |       ||     4
       Leather armour    |       |     9 |       ||     9
       Ring mail         |       |     9 |       ||     9
       Scale mail        |       |     6 |    22 ||    28
       Chain mail        |       |       |     2 ||     2
Dodge: Dodged            |    37 |    87 |    37 ||   161
